 Dungeon Crawl Stone Soup version 0.18-a0-1764-gf4ddf0b (webtiles) character file.

405 tyvek the Vexing (level 6, -13/28 HPs)
             Began as a Spriggan Enchanter on Apr 13, 2016.
             Killed by nerve-wracking pain
             ... invoked by an orc priest
              (14 damage)
             ... on level 4 of the Dungeon.
             The game lasted 00:09:22 (3566 turns).

tyvek the Vexing (Spriggan Enchanter)               Turns: 3566, Time: 00:09:23

Health: -13/28     AC:  8    Str:  5    XL:     6   Next: 56%
Magic:  16/16      EV: 19    Int: 22    God:
Gold:   184        SH:  0    Dex: 17    Spells: 4 memorised, 8 levels left

rFire  + . .     SeeInvis +     r - +1 dagger (venom)
rCold  + . .     Gourm    .     i - +0 robe {rC+}
rNeg   . . .     Faith    .     (shield restricted)
rPois  .         Spirit   .     (helmet restricted)
rElec  .         Dismiss  .     q - +2 cloak {+Inv}
rCorr  .         Reflect  .     (gloves unavailable)
SustAt .         Harm     .     (boots unavailable)
MR     +....                    (no amulet)
Stlth  +++.......               m - ring of protection from fire {rF+, !d}
                                p - +3 ring of protection

@: brilliant, flying, very quick, somewhat resistant to hostile enchantments,
fairly stealthy
A: unfitting armour, see invisible, herbivore 3, speed 3, slow metabolism 2
a: Evoke Invisibility


You were on level 4 of the Dungeon.
You were very hungry.

You visited 1 branch of the dungeon, and saw 4 of its levels.

You collected 184 gold pieces.

Inventory:

Hand Weapons
 r - a +1 dagger of venom (weapon)
   (You found it on level 3 of the Dungeon)
Missiles
 e - 3 tomahawks of dispersal {=f}
Armour
 b - a +1 robe
 i - a +0 robe of cold resistance (worn)
   (You took it off an orc wizard on level 3 of the Dungeon)
 q - a +2 cloak of invisibility (worn)
   (You found it on level 2 of the Dungeon)
Jewellery
 m - a ring of protection from fire (right hand) {rF+, !d}
   (You found it on level 2 of the Dungeon)
 p - a +3 ring of protection (left hand)
   (You found it on level 2 of the Dungeon)
Scrolls
 f - 3 scrolls of teleportation
 h - 2 scrolls of blinking {!r}
 k - 3 scrolls of remove curse
 l - 2 scrolls of magic mapping {!r}
 n - a scroll of enchant weapon
 s - a scroll of enchant armour
Potions
 a - a potion of berserk rage {!q}
Books
 c - a book of Maledictions
Comestibles
 d - 7 bread rations {@e1}
 o - 8 fruits


   Skills:
 * Level 2.3 Short Blades
 + Level 3.5 Dodging
 + Level 4.7 Stealth
 - Level 6.1 Spellcasting
 - Level 6.2 Hexes


You had 8 spell levels left.
You knew the following spells:

 Your Spells              Type           Power        Failure   Level  Hunger
a - Ensorcelled Hibernat  Hex/Ice        ####..       1%          2    None
b - Tukima's Dance        Hex            #####...     1%          3    #......
c - Confuse               Hex            #####...     1%          3    #......
v - Corona                Hex            #####..      1%          1    None


Dungeon Overview and Level Annotations

Branches:
Dungeon (4/15)
 Temple: D:4-7

Altars:
Dithmenos


Innate Abilities, Weirdness & Mutations

You are tiny and cannot use many weapons and most armour.
You have supernaturally acute eyesight.
You are a herbivore.
You cover ground extremely quickly.
You need consume almost no food.


Message History

Where to? (Enter - D:3, ? - help)
There is an open door here.
You open the door.
There is an open door here.
There is a stone staircase leading down here.
You climb downwards.
There is a stone staircase leading up here.
A water moccasin skeleton comes into view.
A water moccasin skeleton is nearby!
A water moccasin skeleton is nearby!
No target in view!
The water moccasin skeleton is too close now for your liking.
The helpless water moccasin skeleton fails to defend itself.
You impale the water moccasin skeleton!!
The water moccasin skeleton closely misses you.
A water moccasin skeleton is nearby!
You barely miss the water moccasin skeleton.
The water moccasin skeleton closely misses you.
You hit the water moccasin skeleton.
The water moccasin skeleton closely misses you.
Aim: a water moccasin skeleton (chance to defeat MR: 67%)
The water moccasin skeleton struggles to resist.
The water moccasin skeleton barely misses you.
You now have 13/16 mp.
You hit the water moccasin skeleton.
The water moccasin skeleton completely misses you.
You hit the water moccasin skeleton. The water moccasin skeleton misses you.
You hit the water moccasin skeleton.
The water moccasin skeleton bites you but does no damage.
The water moccasin skeleton misses you.
You hit the water moccasin skeleton. The water moccasin skeleton bites you.
You take 5 damage, and have 23/28 hp.
You hit the water moccasin skeleton.
The water moccasin skeleton barely misses you.
You hit the water moccasin skeleton.
You destroy the water moccasin skeleton!
No target in view!
e - 3 tomahawks of dispersal {=f}
Found an escape hatch in the ceiling.
Found a stone staircase leading down.
o - 8 fruits (gained 4)
d - 7 bread rations {@e1} (gained 1)
A worker ant comes into view.
You regained 2 hp, and now have 26/28 hp.
MP restored: 16 A worker ant is nearby!
A worker ant is nearby!
A worker ant is nearby!
A worker ant is nearby!
You see here a bubbling sapphire potion.
A phantom comes into view.
An orc wizard comes into view. It is wielding a dagger.
The helpless worker ant fails to defend itself.
You impale the worker ant!!
You kill the worker ant!
Your Short Blades skill increases to level 2!
An orc wizard is nearby!
An orc wizard is nearby!
An orc wizard is nearby!
Found a stone staircase leading down.
An orc wizard comes into view. It is wielding a dagger.
The orc wizard shouts! x2; You hear a shout!
The orc wizard gestures at you while chanting.
You resist with almost no effort.
An orc priest comes into view. It is wielding a dagger.
You hit the orc wizard.
The orc wizard is poisoned.
The orc wizard hits you but does no damage.
You hit the orc wizard.
The orc wizard looks even sicker.
The orc wizard barely misses you.
You hit the orc wizard.
The orc wizard looks even sicker.
The orc wizard mumbles some strange words.
The orc wizard blinks!
The orc wizard closely misses you.
The orc priest calls down the wrath of Beogh upon you.
Beogh smites you!
You take 10 damage, and have 17/28 hp.
MASSIVE DAMAGE!!
You hit the orc wizard but do no damage.
The orc wizard is poisoned.
You are feeling very hungry.
You kill the orc wizard!
The orc wizard misses you.
The orc priest invokes the aid of Beogh against you.
Beogh smites you!
Ouch! That really hurt!
* * * LOW HITPOINT WARNING * * *
You take 16 damage, and have 1/28 hp.
MASSIVE DAMAGE!!
Drink which item? (? for menu, Esc to quit)
It was a potion of flight.
You feel very buoyant.
You fly up into the air.
The orc wizard barely misses you.
The orc priest casts a cantrip, but nothing happens.
Drink which item? (? for menu, Esc to quit)
It was a potion of brilliance.
You feel clever all of a sudden. The orc wizard misses you.
The orc wizard misses you.
The phantom blinks!
The orc priest calls down the wrath of Beogh upon you.
Pain shoots through your body!
Ouch! That really hurt!
You die...

#.##.#..#...##.##.......#
........#...##.##.#.....##
#>............!...........
............##.##.#.....##
#.##.#......##.##.#.....##
..........................
#)##.#.ยง..................
#.........................
####...W.@...........##..#
#....o..#.#..##.##.##...
#.......#.......#..##..#
#....o....#..##....##..#
#####.#.#.#..##.........
#.#.#.# ##....##... .....
#. #....##..# ##.....
..##....##..# .............


You could see a phantom, an orc priest and an orc wizard.

Vanquished Creatures
  A water moccasin skeleton (D:4)
  4 orc priests (D:3)
  2 orc wizards
  A worker ant (D:4)
  3 gnolls (D:3)
  4 adders
  An ooze (D:2)
  2 worms
  2 giant geckos
  5 orcs (D:3)
  4 giant cockroaches
  3 goblins (D:3)
  12 hobgoblins
  11 jackals
  6 kobolds
  7 bats
  2 giant newts
  5 rats
75 creatures vanquished.

Notes
Turn   | Place    | Note
--------------------------------------------------------------
     0 | D:1      | tyvek the Spriggan Enchanter began the quest for the Orb.
     0 | D:1      | Reached XP level 1. HP: 9/9 MP: 5/5
    71 | D:1      | Reached skill level 3 in Spellcasting
   308 | D:1      | Reached XP level 2. HP: 12/13 MP: 5/7
   325 | D:1      | Learned a level 2 spell: Ensorcelled Hibernation
   574 | D:1      | Reached skill level 4 in Hexes
  1001 | D:2      | Reached skill level 4 in Spellcasting
  1001 | D:2      | Reached XP level 3. HP: 16/16 MP: 7/9
  1006 | D:2      | Learned a level 3 spell: Confuse
  1010 | D:2      | Learned a level 3 spell: Tukima's Dance
  1346 | D:2      | Found a shadowy altar of Dithmenos.
  1903 | D:3      | Reached XP level 4. HP: 21/21 MP: 7/11
  2124 | D:3      | Reached skill level 5 in Hexes
  2228 | D:3      | HP: 5/21 [orc priest/divine providence (16)]
  2252 | D:3      | HP: 5/21 [bat (1)]
  2495 | D:3      | Reached skill level 5 in Spellcasting
  2501 | D:3      | Reached XP level 5. HP: 10/24 MP: 3/13
  3033 | D:3      | Reached skill level 6 in Hexes
  3055 | D:3      | Reached skill level 6 in Spellcasting
  3055 | D:3      | Reached XP level 6. HP: 13/28 MP: 4/16
  3552 | D:4      | Reached skill level 2 in Short Blades
  3562 | D:4      | HP: 1/28 [orc priest/divine providence (16)]
  3566 | D:4      | Killed from afar by an orc priest

Vault maps used:
D:1:      lightli_arrival_chessboard
D:2:      grunt_dithmenos_smoke, hangedman_feature_mirror
D:3:      lemuel_upstairs_altar, first_bread, minmay_close_crescents
D:4:      gammafunk_temple_overflow_forgotten, kennysheep_mini_moat, minitemple,
          minmay_temple_entry_overgrown, serial_shops, shop

Skill      XL: |  1  2  3  4  5  6 |
---------------+-------------------+-----
Spellcasting   | 3 4 5 6 |  6.1
Hexes          | 4 5 6 |  6.2
Short Blades   | 2 |  2.3
Dodging        | |  3.5
Stealth        | |  4.7

Action                   |  1- 3 |  4- 6 || total
-------------------------+-------+-------++-------
Melee: Dagger            |   117 |    96 ||   213
 Cast: Corona            |     6 |       ||     6
       Ensorcelled Hiber |    24 |    28 ||    52
       Confuse           |       |     2 ||     2
  Use: Scroll            |       |     9 ||     9
       Potion            |       |     2 ||     2
 Stab: Sleeping          |    27 |    16 ||    43
  Eat: Fruit             |       |     1 ||     1
Armor: Robe              |    15 |    33 ||    48
Dodge: Dodged            |   113 |   128 ||   241

Vault maps used:
D:1:      lightli_arrival_chessboard
D:2:      grunt_dithmenos_smoke, hangedman_feature_mirror
D:3:      lemuel_upstairs_altar, first_bread, minmay_close_crescents
D:4:      gammafunk_temple_overflow_forgotten, kennysheep_mini_moat, minitemple,
          minmay_temple_entry_overgrown, serial_shops, shop

Table legend:
 A = Turns spent in this place as a percentage of turns spent in the entire game.
 B = Non-inter-level travel turns spent in this place as a percentage of non-inter-level travel turns spent in the entire game.
 C = Inter-level travel turns spent in this place as a percentage of turns spent in this place.
 D = Turns resting spent in this place as a percentage of non-inter-level travel turns spent in this place.
 E = Turns spent auto-exploring this place as a percentage of non-inter-level travel turns spent in this place.
 F = Non-inter-level travel turns spent in this place divided by the number of levels of this place that you've seen.
                   A       B       C       D       E      F
               +-------+-------+-------+-------+-------+----------------------
         Total | 100.0 | 100.0 |   0.3 |   5.0 |  10.5 | 237.8
       Dungeon | 100.0 | 100.0 |   0.3 |   5.0 |  10.5 | 237.8
               +-------+-------+-------+-------+-------+----------------------

Table legend:
 A = Kills in this place as a percentage of kills in entire the game.
 B = Kills by you in this place as a percentage of kills by you in the entire game.
 C = Kills by friends in this place as a percentage of kills by friends in the entire game.
 D = Other kills in this place as a percentage of other kills in the entire game.
 E = Experience gained in this place as a percentage of experience gained in the entire game.
 F = Experience gained in this place divided by the number of levels of this place that you have seen.
                   A       B       C       D       E      F
               +-------+-------+-------+-------+-------+----------------------
         Total | 100.0 | 100.0 |  -nan |  -nan | 100.0 | 144.8
       Dungeon | 100.0 | 100.0 |  -nan |  -nan | 100.0 | 144.8
               +-------+-------+-------+-------+-------+----------------------
